TOP OF THE 1ST |
Rutgers Scarlet Knights batting - Pitching for Mississippi Rebels : RHP Jim Major
|
Pitching: RHP Jim Major
|
|
Batting: RHB Jesús Herrera
|
0-0: Called Strike 0-1: Ball 1-1: Ball 2-1: Ball 3-1: Base on Balls
|
Batting: RHB Manuel Martínez
|
0-0: Called Strike 0-1: Ball 1-1: Ball 2-1: Called Strike 2-2: Fielders Choice at 2nd, 4-6 (Groundball, 4)
|
Batting: RHB Howard Battle
|
0-0: Called Strike Manuel Martínez is caught stealing 2nd base 0-1: Ball 1-1: Called Strike 1-2: Strikes out swinging
|
Top of the 1st over - 0 runs, 0 hits, 0 errors, 0 left on base; Rutgers 0 - Mississippi 0 |
BOTTOM OF THE 1ST |
Mississippi Rebels batting - Pitching for Rutgers Scarlet Knights : RHP Rob White
|
Pitching: RHP Rob White
|
|
Batting: LHB Bob Crawford
|
0-0: Ball 1-0: Ball 2-0: Foul Ball, location: 2F 2-1: Ball 3-1: Foul Ball, location: 2F 3-2: Foul Ball, location: 2F 3-2: Base on Balls
|
Pitching: RHP Tyler Jones
|
|
Batting: LHB Erik Moore
|
0-0: Ball 1-0: Foul Ball, location: 2F 1-1: Called Strike 1-2: Ball 2-2: SINGLE (Line Drive, 78M) Bob Crawford to second
|
Batting: LHB Howard Tyler
|
0-0: Called Strike 0-1: Foul Ball, location: 2F 0-2: Reached on error, E6 (Groundball, 6) Bob Crawford to third Erik Moore to second
|
Batting: RHB Jesús Pérez
|
0-0: Ball 1-0: Fly out, F9 (Line Drive, 9D) Runner from 3rd tags up, SCORES, no throw
|
Batting: RHB Manuel Ortíz
|
0-0: Ball 1-0: Foul Ball, location: 2F 1-1: Ball 2-1: Fly out, F7 (Line Drive, 7)
|
Batting: RHB Fernando Pagán
|
0-0: Ball 1-0: Called Strike 1-1: Ball 2-1: Ball 3-1: Base on Balls Erik Moore to third Howard Tyler to second
|
Batting: RHB Jesús Rufino
|
0-0: Called Strike 0-1: Swinging Strike 0-2: SINGLE (Groundball, 4MD) Erik Moore scores Howard Tyler to third Fernando Pagán to second Runner from 3rd tries for Home, SAFE, no throw
|
Batting: LHB Brian Barrón
|
0-0: Called Strike 0-1: Ball Wild Pitch! Fernando Pagán to third Jesús Rufino to second 1-1: Ball 2-1: SINGLE (Groundball, 4) (infield hit) Fernando Pagán scores Jesús Rufino to third
|
Pitching: RHP Brett Bennett
|
|
Batting: RHB Albert Hunt
|
0-0: Ball 1-0: Foul Ball, location: 2F 1-1: Foul Ball, location: 2F 1-2: Fly out, F2 (Popup, 23F)
|
Bottom of the 1st over - 4 runs, 3 hits, 1 error, 2 left on base; Rutgers 0 - Mississippi 4 |
TOP OF THE 2ND |
Rutgers Scarlet Knights batting - Pitching for Mississippi Rebels : RHP Jim Major
|
Batting: RHB Grant Kelly
|
0-0: Ball 1-0: Ground out 5-3 (Groundball, 56S)
|
Batting: LHB Dennis Montgomery
|
0-0: Ball 1-0: Foul Ball, location: 2F 1-1: Ball 2-1: Swinging Strike 2-2: Strikes out swinging
|
Batting: RHB Norm Gunn
|
0-0: SINGLE (Line Drive, 6)
|
Batting: RHB Theodore Burgess
|
0-0: Ball 1-0: Ball 2-0: Ball 3-0: Base on Balls Norm Gunn to second
|
Batting: RHB Ben Baker
|
0-0: Fly out, F8 (Flyball, 8RM)
|
Top of the 2nd over - 0 runs, 1 hit, 0 errors, 2 left on base; Rutgers 0 - Mississippi 4 |
BOTTOM OF THE 2ND |
Mississippi Rebels batting - Pitching for Rutgers Scarlet Knights : RHP Brett Bennett
|
Batting: LHB Bob Crawford
|
0-0: Ball 1-0: Foul Ball, location: 2F 1-1: Fly out, F9 (Line Drive, 89M)
|
Batting: LHB Erik Moore
|
0-0: Called Strike 0-1: Swinging Strike 0-2: Foul Ball, location: 2F 0-2: SOLO HOME RUN (Flyball, 9LD), Distance : 325 ft
|
Batting: LHB Howard Tyler
|
0-0: Ball 1-0: Fly out, F3 (Popup, 3DF)
|
Batting: RHB Jesús Pérez
|
0-0: Ball 1-0: Ball 2-0: Ball 3-0: Base on Balls
|
Batting: RHB Manuel Ortíz
|
0-0: Ball 1-0: Ball 2-0: Fielders Choice at 2nd, 6-4 (Groundball, 6)
|
Bottom of the 2nd over - 1 run, 1 hit, 0 errors, 1 left on base; Rutgers 0 - Mississippi 5 |
TOP OF THE 3RD |
Rutgers Scarlet Knights batting - Pitching for Mississippi Rebels : RHP Jim Major
|
Batting: RHB Michael Lee
|
0-0: Ball 1-0: Called Strike 1-1: Ball 2-1: Foul Ball, location: 2F 2-2: Ground out 5-3 (Groundball, 5L)
|
Batting: RHB Jesús Herrera
|
0-0: Ball 1-0: Foul Ball, location: 2F 1-1: Reached on error, E5 (Groundball, 5)
|
Batting: RHB Manuel Martínez
|
0-0: Called Strike 0-1: Ball 1-1: Ball 2-1: Foul Ball, location: 2F 2-2: Ball 3-2: Base on Balls
|
Batting: RHB Howard Battle
|
0-0: Grounds into double play, 6-4-3 (Groundball, 6)
|
Top of the 3rd over - 0 runs, 0 hits, 1 error, 1 left on base; Rutgers 0 - Mississippi 5 |
BOTTOM OF THE 3RD |
Mississippi Rebels batting - Pitching for Rutgers Scarlet Knights : RHP Brett Bennett
|
Batting: RHB Fernando Pagán
|
0-0: Called Strike 0-1: Ball 1-1: Ball 2-1: Ball 3-1: Base on Balls
|
Batting: RHB Jesús Rufino
|
0-0: Ball 1-0: SINGLE (Groundball, 56D) Fernando Pagán to second
|
Batting: LHB Brian Barrón
|
0-0: Ball 1-0: Called Strike 1-1: Ball 2-1: Foul Ball, location: 2F 2-2: Foul Ball, location: 2F 2-2: Ball 3-2: Strikes out swinging
|
Batting: RHB Albert Hunt
|
0-0: Ball 1-0: Ball 2-0: Ball 3-0: Foul Ball, location: 2F 3-1: Base on Balls Fernando Pagán to third Jesús Rufino to second
|
Batting: LHB Bob Crawford
|
0-0: Called Strike 0-1: Ball 1-1: Ball 2-1: Ball 3-1: Fielders Choice at 2nd, 5-4 (Groundball, 56) Fernando Pagán scores Jesús Rufino to third
|
Batting: LHB Erik Moore
|
0-0: Ball 1-0: Swinging Strike 1-1: Foul Ball, location: 2F 1-2: Hit by Pitch Bob Crawford to second
|
Batting: LHB Howard Tyler
|
0-0: Called Strike 0-1: Ball 1-1: SINGLE (Line Drive, 7S) Jesús Rufino scores Bob Crawford to third Erik Moore to second Runner from 3rd tries for Home, SAFE, no throw
|
Batting: RHB Jesús Pérez
|
0-0: Ball 1-0: Called Strike 1-1: 3-RUN HOME RUN (Line Drive, 7LD), Distance : 344 ft
|
Batting: RHB Manuel Ortíz
|
0-0: Ball 1-0: Ball 2-0: Ball 3-0: Base on Balls
|
Batting: RHB Fernando Pagán
|
0-0: Ball 1-0: Swinging Strike 1-1: Swinging Strike 1-2: Strikes out swinging
|
Bottom of the 3rd over - 6 runs, 3 hits, 0 errors, 1 left on base; Rutgers 0 - Mississippi 11 |
TOP OF THE 4TH |
Rutgers Scarlet Knights batting - Pitching for Mississippi Rebels : RHP Jim Major
|
Batting: RHB Grant Kelly
|
0-0: Ball 1-0: Called Strike 1-1: Foul Ball, location: 2F 1-2: Ball 2-2: Fly out, F7 (Line Drive, 7)
|
Batting: LHB Dennis Montgomery
|
0-0: SINGLE (Flyball, 7LS)
|
Batting: RHB Norm Gunn
|
0-0: Called Strike 0-1: Swinging Strike 0-2: Foul Ball, location: 2F 0-2: Strikes out looking
|
Batting: RHB Theodore Burgess
|
0-0: Foul Ball, location: 2F 0-1: Called Strike 0-2: Foul Ball, location: 2F 0-2: Ball 1-2: SINGLE (Groundball, 34D) Dennis Montgomery to second Runner from 2nd tries for 3rd, SAFE, no throw
|
Batting: RHB Ben Baker
|
0-0: Ball 1-0: Foul Ball, location: 2F 1-1: Swinging Strike 1-2: Ball 2-2: Foul Ball, location: 2F 2-2: Foul Ball, location: 2F 2-2: Foul Ball, location: 2F 2-2: Fly out, F7 (Flyball, 7S)
|
Top of the 4th over - 0 runs, 2 hits, 0 errors, 2 left on base; Rutgers 0 - Mississippi 11 |
BOTTOM OF THE 4TH |
Mississippi Rebels batting - Pitching for Rutgers Scarlet Knights : RHP Brett Bennett
|
Batting: RHB Jesús Rufino
|
0-0: Ball 1-0: Foul Ball, location: 2F 1-1: Ground out 1-3 (Groundball, 15S)
|
Batting: LHB Brian Barrón
|
0-0: Ball 1-0: Ball 2-0: Ball 3-0: Base on Balls
|
Pitching: RHP Steven Lawson
|
|
Batting: RHB Albert Hunt
|
0-0: Fly out, F7 (Line Drive, 7)
|
Batting: LHB Bob Crawford
|
0-0: Ball Brian Barrón steals 2nd base 1-0: Ball 2-0: 2-RUN HOME RUN (Flyball, 9D), Distance : 366 ft
|
Batting: LHB Erik Moore
|
0-0: Ball 1-0: Ground out 6-3 (Groundball, 6S)
|
Bottom of the 4th over - 2 runs, 1 hit, 0 errors, 0 left on base; Rutgers 0 - Mississippi 13 |
TOP OF THE 5TH |
Rutgers Scarlet Knights batting - Pitching for Mississippi Rebels : RHP Jim Major
|
Batting: RHB Michael Lee
|
0-0: Foul Ball, location: 2F 0-1: Ball 1-1: Swinging Strike 1-2: Ball 2-2: Strikes out swinging
|
Batting: RHB Jesús Herrera
|
0-0: Called Strike 0-1: Fly out, F7 (Flyball, 7D)
|
Batting: RHB Manuel Martínez
|
0-0: Called Strike 0-1: Ball 1-1: Foul Ball, location: 2F 1-2: Ball 2-2: Foul Ball, location: 2F 2-2: Ball 3-2: Strikes out swinging
|
Top of the 5th over - 0 runs, 0 hits, 0 errors, 0 left on base; Rutgers 0 - Mississippi 13 |
BOTTOM OF THE 5TH |
Mississippi Rebels batting - Pitching for Rutgers Scarlet Knights : RHP Steven Lawson
|
Batting: LHB Howard Tyler
|
0-0: Ball 1-0: Ground out U3 (Groundball, 34)
|
Batting: RHB Jesús Pérez
|
0-0: Ball 1-0: Ground out 6-3 (Groundball, 6S)
|
Batting: RHB Manuel Ortíz
|
0-0: Ground out 5-3 (Groundball, 5)
|
Bottom of the 5th over - 0 runs, 0 hits, 0 errors, 0 left on base; Rutgers 0 - Mississippi 13 |
TOP OF THE 6TH |
Rutgers Scarlet Knights batting - Pitching for Mississippi Rebels : RHP Jim Major
|
Batting: RHB Howard Battle
|
0-0: Ball 1-0: SINGLE (Line Drive, 34)
|
Pitching: LHP Paul Hart
|
|
Batting: RHB Grant Kelly
|
0-0: Foul Ball, location: 2F 0-1: Grounds into double play, 5-4-3 (Groundball, 5)
|
Batting: LHB Dennis Montgomery
|
0-0: Ball 1-0: Fly out, F6 (Line Drive, 6)
|
Top of the 6th over - 0 runs, 1 hit, 0 errors, 0 left on base; Rutgers 0 - Mississippi 13 |
BOTTOM OF THE 6TH |
Mississippi Rebels batting - Pitching for Rutgers Scarlet Knights : RHP Steven Lawson
|
Batting: RHB Fernando Pagán
|
0-0: Called Strike 0-1: Ball 1-1: Ball 2-1: Ball 3-1: Called Strike 3-2: Base on Balls
|
Batting: RHB Jesús Rufino
|
0-0: Ball 1-0: Called Strike 1-1: SINGLE (Line Drive, 3D) Fernando Pagán to second Runner from 2nd tries for 3rd, SAFE, throw made to third
|
Batting: LHB Brian Barrón
|
0-0: 3-RUN HOME RUN (Flyball, 9D), Distance : 352 ft
|
Batting: RHB Albert Hunt
|
0-0: Ball 1-0: Single, Error in OF, E7, batter to second base
|
Batting: LHB Bob Crawford
|
0-0: Ball 1-0: Ball 2-0: Foul Ball, location: 2F 2-1: Foul Ball, location: 2F 2-2: Foul Ball, location: 2F 2-2: Foul Ball, location: 2F 2-2: Ball 3-2: SINGLE (Line Drive, 56D) Albert Hunt to third
|
Batting: LHB Erik Moore
|
0-0: Ball 1-0: Foul Ball, location: 2F 1-1: Called Strike 1-2: Foul Ball, location: 2F 1-2: Fielders Choice at 2nd, 6-4 (Groundball, 6) Albert Hunt scores
|
Batting: LHB Howard Tyler
|
0-0: Ball 1-0: Ball Passed Ball! Erik Moore to second 2-0: SINGLE (Line Drive, 56D) Erik Moore to third
|
Batting: RHB Jesús Pérez
|
0-0: 3-RUN HOME RUN (Flyball, 9LD), Distance : 329 ft
|
Batting: RHB Mike Jorgenson
|
0-0: Fly out, F6 (Popup, 6)
|
Batting: RHB Fernando Pagán
|
0-0: Ball 1-0: Ball 2-0: Ball 3-0: Called Strike 3-1: Base on Balls
|
Batting: RHB Jesús Rufino
|
0-0: Ball 1-0: Ground out U3 (Groundball, 34)
|
Bottom of the 6th over - 7 runs, 6 hits, 1 error, 1 left on base; Rutgers 0 - Mississippi 20 |
TOP OF THE 7TH |
Rutgers Scarlet Knights batting - Pitching for Mississippi Rebels : LHP Paul Hart
|
Now at SS: Mike Jorgenson
|
|
Batting: RHB Norm Gunn
|
0-0: Ball 1-0: Ball 2-0: Called Strike 2-1: Foul Ball, location: 2F 2-2: Ball 3-2: Base on Balls
|
Batting: RHB Theodore Burgess
|
0-0: Called Strike 0-1: Foul Ball, location: 2F 0-2: Strikes out swinging
|
Batting: RHB Ben Baker
|
0-0: Ball 1-0: Called Strike 1-1: Ball 2-1: Ball 3-1: Foul Ball, location: 2F 3-2: Strikes out swinging
|
Batting: RHB Michael Lee
|
0-0: Fielders Choice at 2nd, 5-4 (Groundball, 56)
|
Top of the 7th over - 0 runs, 0 hits, 0 errors, 1 left on base; Rutgers 0 - Mississippi 20 |
BOTTOM OF THE 7TH |
Mississippi Rebels batting - Pitching for Rutgers Scarlet Knights : RHP Steven Lawson
|
Batting: LHB Brian Barrón
|
0-0: Called Strike 0-1: Ball 1-1: Ground out 4-3 (Groundball, 4)
|
Batting: RHB Albert Hunt
|
0-0: Ball 1-0: Ball 2-0: Foul Ball, location: 2F 2-1: Ball 3-1: Called Strike 3-2: Foul Ball, location: 2F 3-2: Base on Balls
|
Pitching: RHP Tim Jackson
|
|
Batting: LHB Bob Crawford
|
0-0: Ball 1-0: Ball 2-0: Foul Ball, location: 2F 2-1: Ball 3-1: Foul Ball, location: 2F 3-2: Fly out, F7 (Flyball, 7)
|
Batting: LHB Erik Moore
|
0-0: Ball 1-0: Foul Ball, location: 2F 1-1: Ball 2-1: SINGLE (Groundball, 6D) Albert Hunt to second
|
Batting: LHB Howard Tyler
|
0-0: Called Strike 0-1: Called Strike 0-2: Ball 1-2: SINGLE (Groundball, 3D) Albert Hunt to third Erik Moore to second Runner from 3rd tries for Home, throw and OUT!
|
Bottom of the 7th over - 0 runs, 2 hits, 0 errors, 2 left on base; Rutgers 0 - Mississippi 20 |
TOP OF THE 8TH |
Rutgers Scarlet Knights batting - Pitching for Mississippi Rebels : LHP Paul Hart
|
Batting: RHB Jesús Herrera
|
0-0: Ball 1-0: Ball 2-0: Foul Ball, location: 2F 2-1: Ball 3-1: Called Strike 3-2: Base on Balls
|
Batting: RHB Manuel Martínez
|
0-0: Swinging Strike 0-1: Foul Ball, location: 2F 0-2: Fielders Choice at 2nd, 5-4 (Groundball, 56)
|
Batting: RHB Howard Battle
|
0-0: Swinging Strike 0-1: Ball 1-1: SINGLE (Groundball, 4S) (infield hit) Manuel Martínez to second
|
Batting: RHB Grant Kelly
|
0-0: Ball 1-0: Foul Ball, location: 2F 1-1: Foul Ball, location: 2F 1-2: Strikes out looking
|
Batting: LHB Dennis Montgomery
|
0-0: Ball 1-0: Ball 2-0: SINGLE (Line Drive, 56D) Manuel Martínez to third Howard Battle to second Runner from 3rd tries for Home, SAFE, no throw
|
Batting: RHB Norm Gunn
|
0-0: Ball 1-0: Foul Ball, location: 2F 1-1: Ball 2-1: Fielders Choice at 2nd, 6-4 (Groundball, 6)
|
Top of the 8th over - 1 run, 2 hits, 0 errors, 2 left on base; Rutgers 1 - Mississippi 20 |
BOTTOM OF THE 8TH |
Mississippi Rebels batting - Pitching for Rutgers Scarlet Knights : RHP Tim Jackson
|
Batting: RHB Jesús Pérez
|
0-0: Swinging Strike 0-1: Ball 1-1: Ground out 5-3 (Groundball, 5)
|
Batting: RHB Mike Jorgenson
|
0-0: Foul Ball, location: 2F 0-1: Called Strike 0-2: Foul Ball, location: 2F 0-2: Ground out 1-3 (Groundball, 13S)
|
Batting: RHB Fernando Pagán
|
0-0: Ball 1-0: Ball 2-0: Ball 3-0: Base on Balls
|
Batting: RHB Jesús Rufino
|
0-0: Swinging Strike 0-1: Foul Ball, location: 2F 0-2: SINGLE (Groundball, 34D) Fernando Pagán to second Runner from 2nd tries for 3rd, SAFE, no throw
|
Batting: LHB Brian Barrón
|
0-0: Called Strike 0-1: Ball 1-1: Ball 2-1: Ball 3-1: Base on Balls Jesús Rufino to second
|
Batting: RHB Albert Hunt
|
0-0: Swinging Strike 0-1: Called Strike 0-2: Ball 1-2: Foul Ball, location: 2F 1-2: Foul Ball, location: 2F 1-2: Ball 2-2: Strikes out swinging
|
Bottom of the 8th over - 0 runs, 1 hit, 0 errors, 3 left on base; Rutgers 1 - Mississippi 20 |
TOP OF THE 9TH |
Rutgers Scarlet Knights batting - Pitching for Mississippi Rebels : LHP Paul Hart
|
Now at 3B: Emílio Pérez
|
|
Batting: RHB Theodore Burgess
|
0-0: Fly out, F7 (Flyball, 7S)
|
Batting: RHB Ben Baker
|
0-0: Ball 1-0: Ball 2-0: SINGLE (Line Drive, 4M)
|
Pitching: RHP Mike White
|
|
Batting: RHB Michael Lee
|
0-0: Swinging Strike 0-1: Swinging Strike 0-2: Ball 1-2: Strikes out swinging
|
Batting: RHB Jesús Herrera
|
0-0: Ball 1-0: Ball 2-0: Ball 3-0: Called Strike 3-1: Swinging Strike 3-2: Strikes out swinging
|
Top of the 9th over - 0 runs, 1 hit, 0 errors, 1 left on base; Rutgers 1 - Mississippi 20 |
|